 Dungeon Crawl Stone Soup version 0.29.1-4-g47bece8355 (webtiles) character file.

Game seed: 15974528078954132676

380650 FexLirch the Meteoric Blade (level 24, -8/206 (216) HPs)
             Began as a Meteoran Monk on Dec 8, 2022.
             Was the Champion of Wu Jian.
             Mangled by a hell knight
             ... wielding a +3 great mace
              (25 damage)
             ... on level 3 of the Depths on Dec 10, 2022.
             The game lasted 07:46:20 (21912 turns).

FexLirch the Meteoric Blade (Meteoran Monk)        Turns: 21912, Time: 07:46:21

HP:   -8/206 (216)  AC: 26    Str: 16    XL:     24   Next: 68%
MP:   23/36         EV: 31    Int: 17    God:    Wu Jian [******]
Gold: 1671          SH:  5    Dex: 31    Spells: 1/39 levels left

rFire   . . .      SeeInvis +   H - +9 great sword (chaos)
rCold   . . .      Faith    .   (shield currently unavailable)
rNeg    . . .      Spirit   .   x - quicksilver dragon scales
rPois   .          Reflect  +   k - +2 helmet
rElec   .          Harm     .   Q - scarf {repulsion}
rCorr   .          Rampage  .   r - +2 pair of gloves {Str+3}
Will    +++++                   F - +2 pair of boots
Stlth   +.........              Z - amulet of reflection
HPRegen 0.44/turn               J - ring of Xom's Malicious Joy {Will+ SInv}
MPRegen 0.25/turn               e - +6 ring of dexterity

@: exhausted, death channelling, animating dead, glowing, lightly drained, repel
missiles
A: sense surroundings 3, otherworldly, glowing, explore regen
}: 3/15 runes: serpentine, barnacled, abyssal
a: Renounce Religion, Wall Jump, Serpent's Lash, Heavenly Storm


You were on level 3 of the Depths.
You worshipped Wu Jian.
Wu Jian was exalted by your worship.
You visited 9 branches of the dungeon, and saw 41 of its levels.
You visited the Abyss 1 time.
You also visited: Ice Cave, Wizlab and Desolation.

You collected 3587 gold pieces.
You spent 1916 gold pieces at shops.

Inventory:

Hand Weapons
 H - a +9 great sword of chaos (weapon)
 U - the +5 scythe "Finisher" {speed, eviscerate}
   (You found it on level 9 of the Dungeon)

   Attacks with this weapon are significantly faster.
   It may eviscerate those it strikes, slaying them instantly, with a decreasing
   chance against stronger foes.
 W - a +2 great sword of flaming
Armour
 k - a +2 helmet (worn)
 r - a +2 pair of gloves of strength (worn)
 u - the +3 robe of Clouds {*Thunder rCloud rElec}
   (You found it in the Desolation of Salt)

   It occasionally creates storm clouds above nearby enemies.
   It grants its wearer immunity to clouds.
   rElec:     It insulates you from electricity.
 x - quicksilver dragon scales (worn)
 F - a +2 pair of boots (worn)
 Q - a scarf of repulsion (worn)
Jewellery
 e - a +6 ring of dexterity (right hand)
 h - a ring of flight
 s - a ring of willpower
 t - a +4 ring of evasion
 C - a ring of protection from cold
 E - a ring of protection from fire
 I - a +4 ring of protection
 J - the ring of Xom's Malicious Joy (left hand) {Will+ SInv}
   (You found it in the Desolation of Salt)

   [ring of willpower]

   SInv:      It lets you see invisible.
   Will:      It increases your willpower.
 M - a +4 ring of evasion
 O - a ring of wizardry
 P - a ring of poison resistance
 Z - an amulet of reflection (around neck)
Wands
 q - a wand of paralysis (8)
 y - a wand of roots (9)
 D - a wand of digging (3)
 K - a wand of flame (41)
 N - a wand of mindburst (30)
 R - a wand of acid (15)
Scrolls
 a - 4 scrolls of poison
 i - 3 scrolls of blinking
 j - 11 scrolls of teleportation
 l - 3 scrolls of silence
 o - 2 scrolls of summoning
 p - a scroll of amnesia
 w - 2 scrolls of fog
 z - 3 scrolls of magic mapping
 T - 6 scrolls of torment
 X - 2 scrolls of fear
Potions
 b - 5 potions of berserk rage
 d - 6 potions of curing
 f - 6 potions of flight
 g - 3 potions of cancellation
 m - 8 potions of lignification
 n - 5 potions of magic
 v - 6 potions of haste
 A - 4 potions of resistance
 B - 5 potions of ambrosia
 G - 5 potions of attraction
 L - 4 potions of mutation
 S - 8 potions of might
 V - 6 potions of brilliance
 Y - a potion of heal wounds
Miscellaneous
 c - a phial of floods


   Skills:
 + Level 17.7 Fighting
 + Level 22.4 Long Blades
 + Level 13.9 Polearms
 + Level 15.1 Armour
 + Level 19.2 Dodging
 - Level 1.4 Stealth
 + Level 8.3 Spellcasting
 * Level 19.1 Necromancy
 - Level 7.4 Translocations
 + Level 5.6 Transmutations
 + Level 9.4 Earth Magic
 - Level 6.1 Evocations


You had one spell level left.
You knew the following spells:

 Your Spells              Type           Power      Damage    Failure   Level
a - Vampiric Draining     Necr           64%        2d10      1%          3
b - Dispel Undead         Necr           64%        3d22      1%          4
c - Agony                 Necr           64%        N/A       1%          5
d - Animate Dead          Necr           64%        N/A       1%          4
e - Death Channel         Necr           32%        N/A       1%          6
f - Apportation           Tloc           64%        N/A       1%          1
g - Borgnjor's Vile Clut  Necr/Erth      27%        N/A       1%          5
h - Borgnjor's Revivific  Necr           32%        N/A       36%         8
i - Passwall              Tmut/Erth      26%        N/A       1%          2

Your spell library contained the following spells:

 Spells                   Type           Power      Damage    Failure   Level
 Necrotise                Necr           100%       1d9       0%          1
 Beastly Appendage        Tmut           52%        N/A       1%          1
 Sandblast                Erth           78%        2d17      1%          1
 Sting                    Tmut/Pois      64%        1d6       4%          1
 Foxfire                  Conj/Fire      28%        2x1d5     16%         1
 Summon Small Mammal      Summ           28%        N/A       16%         1
 Sublimation of Blood     Necr           64%        N/A       0%          2
 Wereblood                Tmut           26%        N/A       2%          2
 Gell's Gravitas          Tloc           32%        N/A       2%          3
 Teleport Other           Tloc           32%        N/A       2%          3
 Stone Arrow              Conj/Erth      46%        3d9       7%          3
 Passage of Golubria      Tloc           32%        N/A       7%          4
 Petrify                  Tmut/Erth      32%        N/A       7%          4
 Corpse Rot               Necr/Pois/Air  28%        N/A       11%         4
 Spider Form              Tmut/Pois      16%        N/A       14%         3
 Call Imp                 Summ           7%         N/A       22%         2
 Ensorcelled Hibernation  Hex/Ice        14%        N/A       22%         2
 Poisonous Vapours        Pois/Air       14%        N/A       22%         2
 Scorch                   Fire           14%        2d5       22%         2
 Static Discharge         Conj/Air       7%         3-4/arc   22%         2
 Ignite Poison            Fire/Tmut/Pois 13%        N/A       22%         3
 Animate Armour           Summ/Erth      46%        N/A       22%         4
 Leda's Liquefaction      Hex/Erth       11%        N/A       22%         4
 Blade Hands              Tmut           13%        N/A       38%         5
 Conjure Flame            Conj/Fire      7%         6-21      41%         3
 Inner Flame              Hex/Fire       7%         N/A       41%         3
 Summon Forest            Summ/Tloc      9%         N/A       67%         5
 Dispersal                Tloc           16%        N/A       73%         6
 Alistair's Intoxication  Tmut/Pois      10%        N/A       80%         5
 Irradiate                Conj/Tmut      8%         3d14      80%         5
 Flame Wave               Conj/Fire      7%         2d5       83%         4
 Hailstorm                Conj/Ice       7%         3d4       83%         4
 Olgreb's Toxic Radiance  Pois           7%         N/A       83%         4
 Haunt                    Necr/Summ      19%        N/A       94%         7
 Iron Shot                Conj/Erth      11%        9d3       98%         6
 Freezing Cloud           Conj/Ice/Air   3%         6-21      99%         5
 Iskenderun's Battlesphe  Conj           7%         2d6       99%         5
 Lightning Bolt           Conj/Air       3%         1d15      99%         5
 Necromutation            Tmut/Necr      24%        N/A       99%         8
 Death's Door             Necr           32%        N/A       99%         9
 Conjure Ball Lightning   Conj/Air       3%         3x3d6     100%        6
 Eringya's Noxious Bog    Tmut/Pois      8%         N/A       100%        6
 Summon Cactus Giant      Summ           3%         N/A       100%        6
 Spellforged Servitor     Conj/Summ      3%         N/A       100%        7
 Summon Hydra             Summ           3%         N/A       100%        7
 Discord                  Hex            3%         N/A       100%        8
 Disjunction              Tloc           16%        N/A       100%        8
 Maxwell's Capacitive Co  Air            3%         ∞         100%        8
 Summon Horrible Things   Summ           3%         N/A       100%        8
 Fire Storm               Conj/Fire      3%         8d1       100%        9
 Shatter                  Erth           19%        3d18*     100%        9


Dungeon Overview and Level Annotations

Branches:
Dungeon (15/15) Zot: 1505  Temple (1/1) D:6 Zot: 522    Lair (5/5) D:8 Zot: 604
 Shoals (4/4) Lair:3 Zot: 535   Snake (4/4) Lair:2 Zot: 160   Slime (0/5) Lair:5
    Orc (2/2) D:9 Zot: 483     Elf (3/3) Orc:2 Zot: 122  Vaults (3/5) D:13 Zot: 646
  Crypt (0/3) Vaults:2     Depths (4/4) D:15 Zot: 774     Zot (0/5) Depths:4
  IceCv (visited)          WizLab (visited)         Desolation (visited)

Altars:
Ashenzari
Cheibriados
Dithmenos
Elyvilon
Fedhas
Gozag
Hepliaklqana
Kikubaaqudgha
Makhleb
Nemelex Xobeh
Okawaru
Ru
Sif Muna
Trog
Uskayaw
Vehumet
Wu Jian
Xom
Yredelemnul
Zin
The Shining One
Jiyva

Shops:
D:6 ?   D:8 !   D:9 =   D:11 *   D:12 (   Orc:2 ?[[*   Elf:2 (   Elf:3 :?((
Shoals:3 =   Snake:2 [   Snake:3 (??(   Depths:4 *

Portals:
Hell: Depths:1 Depths:3
Abyss: Depths:2 Depths:3
Pandemonium: Depths:2

Annotations:
D:4 Pikel
D:6 2 runed translucent doors, Golfball's ghost, novice MiFi
Lair:2 exclusion: oklob plant
Orc:1 2 runed translucent doors, exclusion: orange crystal statue
Elf:2 5 runed translucent doors
Depths:3 3 runed translucent doors, Parghit


Innate Abilities, Weirdness & Mutations

You passively map a large area around you.
You are easily found by Zot.
You glow in the dark.
You regain HP and MP as you explore.


Message History

Aiming: Vampiric Draining (safe; 1% risk of failure)
Press: ? - help, Shift-Dir - straight line, f - hell knight, p - rakshasa
Aim: a hell knight, wielding a +3 great mace and wearing a +0 plate armour (moderately wounded, fast, ally target)
You draw life force from the hell knight!
You feel life coursing into your body!
Your spectral hell knight hits Parghit but does no damage.
The hell knight barely misses you. Parghit bites you but does no damage.
Parghit claws you!!
* * * LOW HITPOINT WARNING * * *
Parghit completely misses you.
The rakshasa barely misses your spectral hell knight.
Your spectral hell knight barely misses Parghit.
Your hell knight zombie barely misses the hell knight.
Unknown command.
Unknown command.
Casting: Vampiric Draining (safe; 1% risk of failure)
Confirm with . or Enter, or press ? or * to list all spells.
Aiming: Vampiric Draining (safe; 1% risk of failure)
Press: ? - help, Shift-Dir - straight line, f/p - hell knight
Aim: a hell knight, wielding a +3 great mace and wearing a +0 plate armour (severely wounded, fast, ally target)
Okay, then.
Unknown command.
Unknown command.
There is nothing to wall jump against here.
Unknown command.
Unknown command.
Casting: Vampiric Draining (safe; 1% risk of failure)
Confirm with . or Enter, or press ? or * to list all spells.
Aiming: Vampiric Draining (safe; 1% risk of failure)
Press: ? - help, Shift-Dir - straight line, f/p - hell knight
Aim: a hell knight, wielding a +3 great mace and wearing a +0 plate armour (severely wounded, fast, ally target)
You draw life force from the hell knight!
You feel life coursing into your body. The hell knight misses you.
Your spectral hell knight hits Parghit!
Parghit completely misses you. Parghit claws you but does no damage.
Parghit claws you!!
* * * LOW HITPOINT WARNING * * *
The rakshasa hits your spectral hell knight with a +0 trident!
Your spectral hell knight hits Parghit but does no damage.
The hell knight hits you with a +3 great mace!!
You die...

..[.....#Z# , ,
...ZR...#§# ,, * ,
.T.Z....#.# ,, ,.§≈ , * ,
.N......#Z##### , ..≈#§ *
, ........'.p...+ ..≈§§,
........##Z#### , .§.≈≈ ,
,** ........##)# ..., **,
#'########.# ###'# * * *
#.##### #.#####@pZ####. ,
,
#.....####......TZ......
* ,
####........####Z######.
*, ####T#####.#####R####
* * *
........##.##.......# * *
* *
........##'##......../..
,
........................,
,,
#######..T.§§...........
~ ~ #..≈≈≈............ *
, *


You could see Parghit (ally target), a rakshasa, a hell knight (fast, ally
target), 2 friendly spectral hell knights and a friendly hell knight zombie.

Vanquished Creatures
  A dread lich (Abyss:3)
  Mara (Shoals:4)
  2 bone dragons
  Zenata (Elf:1)
  2 deep elf blademasters (Elf:3)
  A lich (Depths:2)
  A deep elf master archer (Elf:3)
  3 tentacled starspawn (Abyss:3)
  Polyphemus (Shoals:2)
  2 sphinxes (Shoals:4)
  3 ancient champions (WizLab)
  A storm dragon (Depths:4)
  Donald (Shoals:2)
  3 tengu reavers
  Ilsuiw (Shoals:2)
  A draconian monk (Depths:4)
  3 nagarajas (Snake:4)
  A revenant (WizLab)
  A fire giant (Depths:3)
  5 deep elf sorcerers
  4 frost giants
  A balrug (Abyss:1)
  A daeva (Abyss:3)
  An imperial myrmidon (Desolation)
  2 orc warlords
  4 deep elf elementalists
  A cacodemon (Abyss:3)
  2 draconian shifters (Abyss:3)
  2 vault wardens
  A caustic shrike zombie (WizLab)
  3 ironbound preservers
  An ironbound thunderhulk (Vaults:1)
  7 very ugly things
  2 stone giants
  A green draconian (Depths:4)
  A draconian annihilator (Depths:4)
  2 deep elf demonologists
  2 deep elf annihilators (Elf:3)
  A dire elephant (Vaults:1)
  A yellow draconian (Depths:4)
  A lorocyproca (Abyss:1)
  A minotaur (Shoals:4)
  2 black draconians (Depths:4)
  A spectral titan (WizLab)
  5 halazid warlocks
  Azrael (D:14)
  A red draconian (Depths:4)
  A purple draconian (Depths:4)
  6 ettins
  A crystal guardian (Desolation)
  4 deep elf death magi
  A blizzard demon (Abyss:2)
  A spectral quicksilver dragon (WizLab)
  2 eidola
  3 fire dragons (Depths:4)
  3 merfolk javelineers
  A merfolk impaler (Shoals:3)
  3 jiangshi (WizLab)
  3 yaktaur captains
  6 hydras
  5 servants of whispers (Desolation)
  A vault guard (Vaults:2)
  10 ragged hierophants (Desolation)
  2 ice dragons
  6 peacekeepers
  2 great orbs of eyes (Vaults:1)
  An ogre mage (D:13)
  5 rakshasas
  3 spriggan air magi
  6 centaur warriors
  A death knight (D:14)
  An ironbound frostheart (Vaults:1)
  An alligator snapping turtle (Shoals:4)
  A catoblepas (Shoals:2)
  3 two-headed ogres
  4 merfolk avatars
  15 naga warriors
  11 dancing weapons
  3 hell hogs (Depths:1)
  4 anacondas
  A tengu warrior (Depths:2)
  A vampire mage (WizLab)
  5 spriggan berserkers
  6 satyrs (Shoals:4)
  2 deep troll shamans (Depths:2)
  2 orc high priests (Orc:2)
  4 deep troll earth magi
  A shock serpent (Snake:2)
  10 hell knights
  2 thrashing horrors (Abyss:3)
  8 deep elf knights
  3 spriggans
  3 sun demons (Abyss:1)
  3 iron trolls
  9 naga sharpshooters
  A sixfirhy (Abyss:2)
  10 skeletal warriors
  A wretched star (Abyss:2)
  17 deep trolls
  A spectral spark wasp (WizLab)
  2 glowing orange brains (Depths:2)
  An orb spider (shapeshifter) (Depths:4)
  A naga ritualist (Snake:3)
  2 salamander mystics (Snake:4)
  12 sea snakes
  8 starcursed masses
  2 flayed ghosts (WizLab)
  A spark wasp zombie (WizLab)
  A spriggan simulacrum (Abyss:3)
  8 deep elf archers
  8 ironbound convokers
  4 phantasmal warriors
  3 lindwurms
  4 wizards
  5 orc knights
  28 deep elf pyromancers
  5 necromancers
  3 mana vipers (Snake:3)
  3 salamanders
  6 harpies
  6 fauns
  11 ugly things
  3 orc sorcerers
  A faun (shapeshifter) (Depths:4)
  3 spectral spriggans (WizLab)
  3 cyclopes
  A wolf spider (shapeshifter) (Elf:1)
  17 deep elf zephyrmancers
  7 manticores
  3 draconians (Abyss:3)
  3 elephants (Lair:5)
  6 merfolk sirens
  An elephant (shapeshifter) (Vaults:1)
  3 smoke demons
  2 water nymphs
  2 ice statues (IceCv)
  4 guardian serpents
  16 naga magi
  An apocalypse crab (Abyss:3)
  8 vault sentinels
  2 centaur skeletons (D:15)
  2 torpor snails
  17 black mambas
  A water nymph (shapeshifter) (Depths:2)
  5 cane toads
  Maggie (D:8)
  2 unseen horrors
  2 orange demons
  5 rime drakes
  A kobold demonologist (D:12)
  A tengu conjurer (Depths:1)
  9 komodo dragons
  3 ancient zymes
  6 ice devils (IceCv)
  5 polar bears
  2 harpy zombies (WizLab)
  A spectral harpy (WizLab)
  6 yaktaurs
  A queen bee (Lair:2)
  5 trolls
  10 wind drakes
  A silent spectre (Abyss:3)
  10 merfolk
  4 large abominations
  46 saltlings (Desolation)
  4 hornets
  A tarantella (shapeshifter) (Elf:2)
  A raiju (Abyss:1)
  A meliai zombie (D:15)
  30 blink frogs
  7 slime creatures (Vaults:2)
  5 snapping turtles
  10 flying skulls (WizLab)
  An air elemental (Elf:1)
  A ynoxinul (Abyss:2)
  7 water elementals
  6 small abominations
  10 wyverns
  A culicivora (Vaults:1)
  2 shadows
  9 wraiths
  5 basilisks (Lair:2)
  33 yaks
  3 fire elementals
  3 dire elephant simulacra (IceCv)
  A redback (Vaults:1)
  4 steam dragons
  A chaos spawn (Abyss:3)
  2 vampire mosquitoes (D:10)
  A neqoxec (Abyss:3)
  A warg (Orc:2)
  A swamp worm (shapeshifter) (Vaults:1)
  A harpy simulacrum (IceCv)
  16 nagas
  9 water moccasins
  Edmund (D:6)
  4 hell hounds (D:14)
  2 hydra simulacra (IceCv)
  A naga skeleton (Abyss:1)
  2 ice beasts
  25 orc warriors
  2 black bears
  17 centaurs
  13 wolves
  9 ogres
  3 lemures
  A phantom (D:5)
  3 kobold brigands
  An earth elemental (Elf:1)
  2 necrophages
  10 bullfrogs
  2 scorpions (D:8)
  A gnoll sergeant (D:7)
  11 wights
  28 killer bees
  A howler monkey (D:5)
  2 electric eels (D:14)
  6 hounds
  3 jellies
  19 orc priests
  3 iguanas
  A boggart zombie (D:15)
  A hell rat (Lair:5)
  19 orc wizards
  Robin (D:4)
  5 adders
  17 gnolls
  A shadow imp (D:7)
  2 white imps (IceCv)
  2 ufetubi
  A worm (D:3)
  84 orcs
  10 ball pythons
  A bat (D:3)
  6 endoplasms
  3 giant cockroaches
  18 goblins
  5 hobgoblins
  2 quokkas
  6 frilled lizards
  24 kobolds
  6 rats
  7 starspawn tentacles
1224 creatures vanquished.

Vanquished Creatures (collateral kills)
  Vashnia (Snake:2)
  A hellephant (Depths:1)
  Asterion (Depths:1)
  A kraken (Shoals:4)
  2 tentacled starspawn
  A storm dragon (Depths:2)
  A nagaraja (Snake:4)
  A revenant (Vaults:2)
  2 frost giants
  A vault warden (Vaults:2)
  A balrug (Depths:4)
  4 very ugly things
  An ironbound thunderhulk (Vaults:1)
  An ironbound preserver (Vaults:2)
  An entropy weaver (Vaults:1)
  A stone giant (Depths:4)
  A vampire knight (Depths:2)
  A dire elephant (Lair:5)
  A minotaur (Shoals:4)
  A red draconian (Depths:4)
  An eidolon (Vaults:2)
  A deep elf death mage (Elf:3)
  A merfolk javelineer (Shoals:1)
  A yaktaur captain (Vaults:1)
  A deep elf high priest (Vaults:1)
  An ettin (Depths:4)
  A ragged hierophant (Desolation)
  A fire dragon (Depths:4)
  A boulder beetle (D:14)
  A spriggan air mage (Depths:4)
  A vault guard (Vaults:2)
  A servant of whispers (Desolation)
  2 hydras (Lair:5)
  A peacekeeper (Desolation)
  An anaconda (Snake:2)
  A merfolk avatar (Shoals:3)
  2 centaur warriors
  A dancing weapon (Elf:3)
  A deep troll earth mage (Depths:2)
  3 satyrs (Shoals:4)
  An alligator snapping turtle (Shoals:4)
  2 naga warriors
  2 deep troll shamans (Depths:2)
  A tengu warrior (Depths:1)
  2 hell hogs
  2 death yaks (Shoals:2)
  An orc high priest (Orc:2)
  2 vampire magi
  2 hell knights
  6 naga sharpshooters
  2 shock serpents
  A skeletal warrior (Vaults:2)
  4 sea snakes
  2 deep elf archers
  2 naga ritualists
  2 orc knights
  9 deep trolls
  7 harpies
  2 mana vipers (Snake:3)
  2 lindwurms
  3 orc sorcerers (Orc:2)
  3 ugly things (Vaults:2)
  3 deep elf pyromancers (Elf:1)
  4 deep elf zephyrmancers
  An ironbound convoker (Vaults:2)
  5 fauns (Shoals:4)
  A draconian (Abyss:3)
  2 cyclopes
  9 manticores
  3 merfolk sirens
  5 salamanders
  A large abomination (Abyss:2)
  A vault sentinel (Vaults:1)
  9 naga magi
  2 elephants (Lair:5)
  7 black mambas
  A molten gargoyle (Desolation)
  2 cane toads (Lair:5)
  A rime drake (Lair:2)
  3 komodo dragons (Lair:5)
  4 wind drakes
  8 merfolk
  10 saltlings (Desolation)
  2 hornets (Depths:4)
  A blink frog (Lair:5)
  3 slime creatures (Vaults:2)
  2 dream sheep (Shoals:3)
  A meliai zombie (D:15)
  2 snapping turtles
  A spriggan (Depths:4)
  2 wyverns
  A ynoxinul (Abyss:2)
  A basilisk (Lair:5)
  5 yaks (Lair:4)
  A redback (Vaults:1)
  16 nagas
  A water moccasin (Lair:5)
  5 orc warriors
  An ogre (D:13)
  3 small abominations
  A centaur (D:13)
  3 killer bees (Lair:2)
  A starcursed mass (Abyss:2)
  2 orc priests (Orc:2)
  2 jellies (Lair:5)
  An iguana (D:5)
  3 hell rats (Lair:5)
  8 orcs
  An endoplasm (Lair:5)
  A goblin (D:4)
  A fungus (Lair:4)
  3 tentacles (Shoals:4)
266 creatures vanquished.

Vanquished Creatures (others)
  6 very ugly thing zombies
  A merfolk aquamancer (Shoals:1)
  A naga warrior (Snake:2)
  A storm dragon zombie (Depths:4)
  2 anaconda zombies (Snake:2)
  A tengu zombie (Depths:4)
  A wizard (Depths:3)
  A lindwurm (Vaults:2)
  A deep elf zephyrmancer (Elf:1)
  A hell hog zombie (Depths:1)
  3 deep elf pyromancers
  4 draconian zombies
  A stone giant zombie (Depths:4)
  5 centaur zombies
  A shock serpent zombie (Snake:2)
  A minotaur zombie (Shoals:4)
  A redback zombie (Vaults:1)
  14 human zombies
  An orb spider zombie (Depths:4)
  3 sea snake zombies
  A green draconian zombie (Depths:4)
  7 harpy zombies
  An ettin zombie (Depths:1)
  A guardian serpent zombie (Snake:3)
  A blink frog (Lair:5)
  2 fire dragon zombies (Depths:4)
  3 spriggan zombies (Depths:3)
  7 black mamba zombies
  A satyr zombie (Shoals:4)
  A wind drake zombie (Lair:5)
  9 merfolk zombies
  3 deep troll zombies
  6 faun zombies (Shoals:4)
  A water nymph zombie (Depths:2)
  A water moccasin (Lair:5)
  18 naga zombies
  2 snapping turtle zombies (Shoals:4)
  2 hornet zombies
  5 blink frog zombies (Lair:5)
  An elephant zombie (Lair:5)
  6 manticore zombies
  26 elf zombies
  A boggart (Vaults:2)
  4 salamander zombies
  An apocalypse crab zombie (Abyss:3)
  3 yaktaur zombies
  A komodo dragon zombie (Lair:5)
  A wyvern zombie (Lair:5)
  A water moccasin zombie (Lair:5)
  3 yak zombies
  3 wolf zombies
  12 killer bee zombies (Lair:2)
  An ogre zombie (D:13)
  2 hell rat zombies (Lair:5)
  A steam dragon zombie (Lair:5)
  A jelly zombie (Lair:5)
  33 orc zombies
  A bush (Lair:5)
  46 fungi
  106 plants
  9 starspawn tentacles
  5 tentacles (Shoals:4)
390 creatures vanquished.

Grand Total: 1880 creatures vanquished

Notes
Turn   | Place    | Note
-------+----------+-------------------------------------------
     0 | D:1      | FexLirch the Meteoran Monk began the quest for the Orb.
     0 | D:1      | Reached XP level 1. HP: 19/19 MP: 2/2
    77 | D:1      | Reached skill level 4 in Long Blades
    78 | D:1      | Reached XP level 2. HP: 26/26 MP: 3/3
   316 | D:1      | Reached XP level 3. HP: 27/31 MP: 4/4
   668 | D:3      | Reached skill level 5 in Long Blades
   700 | D:4      | Noticed Robin
   737 | D:3      | Reached XP level 4. HP: 19/38 MP: 5/5
   908 | D:3      | Reached skill level 6 in Long Blades
   908 | D:3      | Reached XP level 5. HP: 44/45 MP: 4/6
  1113 | D:2      | Learned a level 3 spell: Vampiric Draining
  1115 | D:2      | Learned a level 1 spell: Necrotise
  1294 | D:4      | Noticed a lemure
  1328 | D:3      | Killed a lemure
  1417 | D:3      | Reached XP level 6. HP: 49/51 MP: 7/7
  1570 | D:3      | Found a blossoming altar of Fedhas.
  1739 | D:4      | Noticed a centaur
  1764 | D:4      | Killed a centaur
  1765 | D:4      | Reached skill level 7 in Long Blades
  1765 | D:4      | Reached skill level 1 in Necromancy
  1783 | D:5      | Entered Level 5 of the Dungeon
  1834 | D:5      | Reached XP level 7. HP: 31/57 MP: 8/8
  1892 | D:5      | Reached skill level 8 in Long Blades
  2133 | D:4      | Reached XP level 8. HP: 43/61 MP: 0/9
  2146 | D:4      | Killed Robin
  2251 | D:4      | Noticed Pikel
  2408 | D:5      | Reached skill level 9 in Long Blades
  2705 | D:6      | Noticed a steam dragon
  2711 | D:6      | Killed a steam dragon
  2712 | D:6      | Reached skill level 10 in Long Blades
  2737 | D:7      | Noticed a slime creature
  2737 | D:7      | Noticed a slime creature
  2737 | D:7      | Noticed a slime creature
  2739 | D:7      | Noticed a slime creature
  2739 | D:7      | Found a flagged portal.
  2951 | D:6      | Noticed Edmund
  2971 | D:6      | Killed Edmund
  2972 | D:6      | Reached skill level 5 in Necromancy
  3065 | D:6      | Gained mutation: You passively map the area around you.
                  | [Meteoran growth]
  3065 | D:6      | Reached XP level 9. HP: 64/70 MP: 10/10
  3135 | D:6      | Found Jarphes's Magic Scroll Shoppe.
  3143 | D:6      | Bought a scroll of teleportation for 42 gold pieces
  3143 | D:6      | Bought a scroll of identify for 28 gold pieces
  3143 | D:6      | Bought a scroll of teleportation for 42 gold pieces
  3143 | D:6      | Bought a scroll of brand weapon for 133 gold pieces
  3143 | D:6      | Bought a scroll of identify for 28 gold pieces
  3158 | D:6      | Found a staircase to the Ecumenical Temple.
  3164 | Temple   | Entered the Ecumenical Temple
  3216 | Temple   | Became a worshipper of the Wu Jian Council
  3216 | Temple   | Reached * piety under Wu Jian
  3216 | Temple   | Reached ** piety under Wu Jian
  3279 | D:7      | Reached skill level 11 in Long Blades
  3451 | D:6      | Found a large runed translucent door.
  3452 | D:6      | Found a large runed translucent door.
  3454 | D:6      | Noticed Golfball's ghost (novice MiFi)
  3621 | D:7      | Reached skill level 12 in Long Blades
  3954 | D:8      | Found Kiwnox's Distillery.
  3964 | D:8      | Bought a potion of heal wounds for 75 gold pieces
  3964 | D:8      | Bought a potion of curing for 45 gold pieces
  4169 | D:8      | Reached XP level 10. HP: 31/74 MP: 11/11
  4264 | D:8      | Noticed Maggie
  4274 | D:8      | Noticed a two-headed ogre
  4283 | D:8      | Killed Maggie
  4284 | D:8      | Reached skill level 13 in Long Blades
  4284 | D:8      | Reached skill level 5 in Dodging
  4324 | D:9      | Reached *** piety under Wu Jian
  4335 | D:9      | Found a staircase to the Orcish Mines.
  4387 | D:9      | Noticed a two-headed ogre
  4430 | D:9      | Killed a two-headed ogre
  4431 | D:9      | Reached skill level 5 in Fighting
  4452 | D:9      | Found Danwes Pea's Jewellery Boutique.
  4488 | D:10     | Entered Level 10 of the Dungeon
  4541 | D:10     | Learned a level 5 spell: Agony
  4614 | D:11     | Found Doffaurph's Assorted Antiques.
  4622 | D:11     | Bought a scroll of identify for 42 gold pieces
  4671 | D:11     | Noticed a yaktaur
  4706 | D:11     | Reached skill level 14 in Long Blades
  4706 | D:11     | Reached XP level 11. HP: 73/88 MP: 12/12
  4964 | D:12     | Noticed a cyclops
  4971 | D:12     | Killed a cyclops
  5099 | D:12     | Found a frozen archway.
  5120 | IceCv    | Entered an ice cave
  5124 | IceCv    | Reached **** piety under Wu Jian
  5184 | IceCv    | Reached skill level 15 in Long Blades
  5196 | IceCv    | Noticed an ice statue
  5196 | IceCv    | Noticed an ice statue
  5400 | IceCv    | Killed an ice statue
  5574 | IceCv    | Killed an ice statue
  5615 | IceCv    | Glimpsed the power of Zot.
  5666 | IceCv    | Glimpsed the power of Zot.
  5706 | IceCv    | Glimpsed the power of Zot.
  5824 | D:11     | Noticed a cyclops
  5834 | D:11     | Killed a cyclops
  5835 | D:11     | Reached XP level 12. HP: 93/100 MP: 11/13
  5895 | D:11     | Reached skill level 1 in Spellcasting
  6040 | D:11     | Noticed a death yak
  6043 | D:11     | Noticed a death yak
  6075 | D:12     | Found Fempobly's Antique Weapon Emporium.
  6240 | D:12     | Reached skill level 16 in Long Blades
  6523 | D:9      | Noticed a skeletal warrior
  6533 | D:9      | Killed a skeletal warrior
  6534 | D:9      | Reached skill level 10 in Necromancy
  6557 | D:9      | Found the +5 scythe "Finisher" {speed, eviscerate}
  6568 | D:9      | Learned a level 4 spell: Animate Dead
  6641 | D:8      | Killed a two-headed ogre
  6642 | D:8      | Reached skill level 1 in Polearms
  6690 | D:8      | Found a staircase to the Lair.
  6694 | Lair:1   | Entered Level 1 of the Lair of Beasts
  6724 | Lair:1   | Reached XP level 13. HP: 107/108 MP: 19/19
  6885 | Lair:2   | Reached ***** piety under Wu Jian
  6938 | Lair:2   | Found a staircase to the Snake Pit.
  7077 | Lair:2   | Reached skill level 5 in Polearms
  7081 | Lair:2   | Reached skill level 10 in Dodging
  7542 | Lair:2   | Noticed a seven-headed hydra
  7553 | Lair:2   | Killed an 11-headed hydra
  7765 | Lair:2   | Reached XP level 14. HP: 103/119 MP: 20/20
  7792 | Lair:3   | Learned a level 6 spell: Death Channel
  7975 | Lair:3   | You fall into a shaft and drop 2 floors!
  7975 | Lair:5   | Entered Level 5 of the Lair of Beasts
  7984 | Lair:5   | Reached skill level 10 in Fighting
  8203 | Lair:4   | Reached ****** piety under Wu Jian
  8283 | Lair:4   | Reached skill level 17 in Long Blades
  8410 | Lair:5   | Found a staircase to the Slime Pits.
  8411 | Lair:5   | Found a viscous altar of Jiyva.
  8587 | Lair:5   | Reached XP level 15. HP: 63/130 MP: 12/21
  8645 | Lair:5   | Got Kuakan's Essays on the Quarry
  8991 | Lair:3   | Found a staircase to the Shoals.
  9001 | Lair:3   | Identified the +6 falchion of the Aged Suns {flame, Will+}
  9013 | Shoals:1 | Entered Level 1 of the Shoals
  9035 | Shoals:1 | Reached skill level 18 in Long Blades
  9357 | Shoals:2 | Noticed Donald
  9368 | Shoals:2 | Killed Donald
  9401 | Shoals:2 | Noticed Ilsuiw
  9412 | Shoals:2 | Killed Ilsuiw
  9507 | Shoals:2 | Your ally Ilsuiw died
  9509 | Shoals:2 | Reached XP level 16. HP: 34/141 MP: 10/22
  9594 | Shoals:2 | Noticed Polyphemus
  9608 | Shoals:2 | Killed Polyphemus
  9770 | Shoals:3 | Found Guwk's Jewellery Shoppe.
  9780 | Shoals:3 | Learned a level 1 spell: Apportation
  9985 | Shoals:4 | Entered Level 4 of the Shoals
  9985 | Shoals:4 | Noticed Mara
 10052 | Shoals:4 | Killed Mara
 10052 | Shoals:4 | Reached skill level 19 in Long Blades
 10124 | Shoals:4 | Reached skill level 1 in Armour
 10138 | Shoals:4 | Reached skill level 15 in Dodging
 10164 | Shoals:4 | Reached XP level 17. HP: 58/151 MP: 5/23
 10266 | Shoals:4 | Reached skill level 15 in Necromancy
 10319 | Shoals:4 | Noticed a kraken
 10522 | Shoals:4 | Got the Precepts of the Feathery Snake
 10556 | Shoals:4 | Killed a kraken
 10566 | Shoals:4 | Noticed a sphinx
 10575 | Shoals:4 | Killed a sphinx
 10577 | Shoals:4 | Got a barnacled rune of Zot
 10626 | Shoals:4 | Noticed a sphinx
 10629 | Shoals:4 | Killed a sphinx
 11037 | Snake:1  | Entered Level 1 of the Snake Pit
 11067 | Snake:1  | Reached skill level 5 in Armour
 11304 | Snake:1  | You fall into a shaft and drop 1 floor!
 11304 | Snake:2  | Noticed Vashnia
 11315 | Snake:2  | Killed Vashnia
 11396 | Snake:2  | Gained mutation: You passively map a large area around you.
                  | [Meteoran growth]
 11396 | Snake:2  | Reached XP level 18. HP: 159/161 MP: 17/24
 11493 | Snake:2  | Reached skill level 20 in Long Blades
 11617 | Snake:2  | Found Margaret's Dragon-Slaying Spoils.
 11820 | Snake:2  | Bought quicksilver dragon scales for 780 gold pieces
 11880 | Snake:3  | Found Paahio's Magic Scroll Shoppe.
 11883 | Snake:3  | Found Waxiwk's Antique Weapon Emporium.
 11883 | Snake:3  | Found Ratobuts's Antique Weapon Shoppe.
 11907 | Snake:3  | Found Tali's Magic Scroll Emporium.
 12019 | Snake:3  | Reached skill level 1 in Translocations
 12189 | Snake:3  | Bought a scroll of blinking for 142 gold pieces
 12222 | Snake:4  | Entered Level 4 of the Snake Pit
 12941 | Snake:3  | Reached skill level 15 in Fighting
 13133 | Snake:4  | Reached XP level 19. HP: 134/170 MP: 16/25
 13158 | Snake:4  | Got a serpentine rune of Zot
 13402 | Orc:1    | Entered Level 1 of the Orcish Mines
 13520 | Orc:1    | Found a runed translucent door.
 13526 | Orc:1    | Found the +10 tower shield of Ignorance {rN+ Int-4}
 13563 | Orc:1    | Found a runed translucent door.
 13648 | Orc:2    | Entered Level 2 of the Orcish Mines
 13668 | Orc:1    | Reached skill level 10 in Armour
 13880 | Orc:2    | Found a staircase to the Elven Halls.
 14009 | Orc:2    | Found Gingax's Magic Scroll Shop.
 14009 | Orc:2    | Found Beff's Assorted Antiques.
 14011 | Orc:2    | Found Taablor's Antique Armour Shoppe.
 14011 | Orc:2    | Found Benubog's Antique Armour Shop.
 14022 | Orc:2    | Bought a scroll of enchant armour for 105 gold pieces
 14022 | Orc:2    | Bought a scroll of teleportation for 42 gold pieces
 14024 | Orc:2    | Bought a distressingly furry scale mail for 270 gold pieces
 14024 | Orc:2    | Identified the +1 scale mail of Giraevec {Harm rF- Regen+}
                  | (You bought it in a shop on level 2 of the Orcish Mines)
 14091 | Elf:1    | Entered Level 1 of the Elven Halls
 14197 | Elf:1    | Reached skill level 5 in Translocations
 14207 | Elf:1    | Noticed Zenata
 14221 | Elf:1    | Killed Zenata
 14385 | Elf:1    | Got the Octavo of Hurting
 14466 | Elf:1    | Reached skill level 10 in Polearms
 14488 | Elf:1    | Identified the +1 ring mail of the Spheres {rC+ Str+4
                  | Dex-5}
 14650 | Elf:2    | Found Wausol's Weapon Shoppe.
 14705 | Elf:2    | Reached XP level 20. HP: 163/179 MP: 23/26
 14785 | Elf:3    | Entered Level 3 of the Elven Halls
 14807 | Elf:3    | Found the +5 glaive of the Guard {elec, spectral, AC+5}
 14840 | Elf:3    | Found Boiciobi's Antique Weapon Shop.
 14863 | Elf:3    | Found Keucroin's Antique Weapon Shop.
 14945 | Elf:3    | Found Tuycer's Magic Scroll Shop.
 14953 | Elf:3    | Bought a scroll of enchant weapon for 142 gold pieces
 15253 | Elf:3    | Found Juelued's Book Emporium.
 15264 | Elf:3    | Learned a level 5 spell: Borgnjor's Vile Clutch
 15324 | Elf:3    | Reached skill level 1 in Earth Magic
 15619 | Elf:3    | Paralysed by an air elemental for 1 turns
 15626 | Elf:3    | Reached skill level 21 in Long Blades
 15687 | Elf:2    | Found a huge runed translucent gate.
 15687 | Elf:2    | Found a huge runed translucent gate.
 15693 | Elf:2    | Found a huge runed translucent gate.
 15693 | Elf:2    | Found a huge runed translucent gate.
 15695 | Elf:2    | Found a huge runed translucent gate.
 16080 | D:13     | Found a gate to the Vaults.
 16447 | D:15     | Entered Level 15 of the Dungeon
 16955 | D:15     | Found a staircase to the Depths.
 16964 | D:15     | Reached XP level 21. HP: 150/188 MP: 11/27
 17029 | D:14     | Noticed Azrael
 17043 | D:14     | Killed Azrael
 17189 | Vaults:1 | Entered Level 1 of the Vaults
 17268 | Vaults:1 | You fall into a shaft and drop 1 floor!
 17332 | Vaults:2 | Reached skill level 1 in Evocations
 17518 | Vaults:1 | Found a crumbling gateway.
 17554 | Desolati | Entered the Desolation of Salt
 17589 | Desolati | Reached skill level 5 in Earth Magic
 17619 | Desolati | Found the +3 robe of Clouds {*Thunder rCloud rElec}
 17624 | Desolati | Got Wevaj's Treatise on Bewitchment and Evil Mysteries
 17801 | Desolati | Got the Grimoire of Harmful Accompaniment
 17805 | Desolati | Got the Precepts of the Transposed Dead
 17911 | Desolati | Reached XP level 22. HP: 179/198 MP: 29/29
 17925 | Desolati | Identified the ring of Xom's Malicious Joy {Will+ SInv}
 17926 | Desolati | Identified the +11 flail of Youthful Indiscretion {flame,
                  | Str+2}
 18206 | Vaults:1 | Noticed a Tzitzimitl
 18299 | Vaults:1 | Learned a level 4 spell: Dispel Undead
 18336 | Vaults:1 | Identified a scroll of acquirement
 18341 | Vaults:1 | Acquired 689 gold pieces
 18563 | Vaults:2 | Reached skill level 5 in Evocations
 18567 | Vaults:2 | Found a staircase to the Crypt.
 18593 | Vaults:2 | Reached skill level 5 in Spellcasting
 19019 | Depths:1 | Entered Level 1 of the Depths
 19117 | Depths:1 | Found a gateway to Hell.
 19150 | Depths:1 | HP: 6/198 [hell hog/fireball (26)]
 19309 | Depths:2 | Found a magical portal.
 19323 | WizLab   | Entered Borgnjor's Mausoleum
 19486 | WizLab   | Reached XP level 23. HP: 171/205 MP: 24/33
 19491 | WizLab   | Learned a level 4 spell: Passage of Golubria
 19494 | WizLab   | Learned a level 2 spell: Passwall
 19591 | WizLab   | Reached skill level 1 in Transmutations
 19718 | WizLab   | Reached skill level 22 in Long Blades
 19753 | WizLab   | Got the Incunabulum of the Sweltering Rocks
 19842 | Depths:2 | Found a one-way gate leading to the halls of Pandemonium.
 20028 | Depths:2 | Found a one-way gate to the infinite horrors of the Abyss.
 20084 | Depths:3 | Found a runed translucent gate.
 20084 | Depths:3 | Found a runed translucent gate.
 20084 | Depths:3 | Found a runed translucent gate.
 20107 | Depths:4 | Entered Level 4 of the Depths
 20228 | Depths:4 | Found a hide-covered altar of Uskayaw.
 20248 | Depths:4 | Found Mannimn's Merry Market.
 20436 | Depths:4 | Found a gate to the Realm of Zot.
 20436 | Depths:4 | Noticed a bone dragon
 20441 | Depths:4 | Killed a bone dragon
 20628 | Depths:3 | HP: 9/206 [ettin simulacrum[a necromancer] (33)]
 20726 | Depths:1 | Found a sparkling altar of Nemelex Xobeh.
 20792 | Depths:1 | Noticed Asterion
 20801 | Depths:1 | Reached XP level 24. HP: 168/209 MP: 35/35
 20827 | Depths:1 | Killed Asterion
 20973 | Depths:2 | Learned a level 8 spell: Borgnjor's Revivification
 21026 | Depths:2 | Voluntarily entered the Abyss.
 21418 | Abyss:3  | Reached skill level 5 in Transmutations
 21462 | Abyss:3  | Reached skill level 15 in Armour
 21572 | Abyss:3  | Noticed a dread lich
 21584 | Abyss:3  | Killed a dread lich
 21614 | Abyss:3  | Found a transporter.
 21649 | Abyss:3  | Noticed an ancient lich
 21663 | Abyss:3  | Found a transporter.
 21686 | Abyss:3  | Found a transporter.
 21689 | Abyss:3  | Got an abyssal rune of Zot
 21693 | Depths:2 | Escaped the Abyss
 21795 | Depths:3 | Noticed Parghit
 21912 | Depths:3 | Mangled by a hell knight

Illustrated notes

Levels and vault maps discovered:
D:1:      lightli_arrival_maybe_door_vault, layout_loops_ring,
          shapermc_ecumenical_altar_mp_highgroup, kennysheep_crisscross,
          chequers_hall_statues_wall_a, st_stairs_7
D:2:      layout_basic
D:3:      layout_basic, marbit_many_paths, minmay_mini_jars
D:4:      cheibrodos_quashed, layout_rooms, minivault_5, minmay_misc_feat_five,
          uniq_pikel, uniq_robin
D:5:      layout_loops_ring, kennysheep_nondescript, dreamdust_gnoll_farm
D:6:      layout_loops_cross, minmay_temple_entry_wispy,
          ebering_ghost_disaster_area, serial_shops, shop, uniq_edmund
D:7:      layout_basic, enter_bailey_5
D:8:      layout_loops_ring, grunt_lair_entry_orc_guard_hut, serial_shops,
          nicolae_shop_advertising_works [nicolae_subvault_shop_adworks],
          uniq_maggie
D:9:      layout_grid_maze, grunt_qazlal_clouds, hiddenorc2_lemuel,
          serial_shops, shop, minmay_guarded_unrand_finisher
D:10:     layout_gridville, minivault_5
D:11:     fort_yaktaur, layout_stronghold, serial_shops, shop_statue
D:12:     layout_loops_corners, serial_shops, nicolae_shop_stone,
          portal_ice_cave_entry_pillars_2
D:13:     layout_irregular_city, hangedman_vaults_entry_quadrant_bands
D:14:     layout_basic, uniq_azrael
D:15:     grunt_enter_depths_magical_seal, layout_irregular_city, fedhas_altar_3
Temple:   nicolae_temple_bog_church
Lair:1:   layout_long_grid, patterned_corridor
Lair:2:   regret_index_bee_streams, layout_hall_layers, dummy_snake_entry,
          bh_autumn_forest_stairs, minmay_lair_oklob_bushes
Lair:3:   layout_loops_ring, minmay_shoals_entry_lonely_mermaid
Lair:4:   layout_loops_ring, enter_volcano_3, beast_lair_carwin_7,
          grunt_megastairs_1, infiniplex_staircase_pool_2
Lair:5:   gammafunk_lair_ancient_temple, layout_loops_ring,
          nicolae_slime_entry_slimehenge
Shoals:1: layout_shoals, nicolae_shoals_mertower
Shoals:2: layout_shoals, nicolae_shoals_land_atoll, uniq_ilsuiw, uniq_donald,
          uniq_polyphemus
Shoals:3: layout_shoals, serial_shops, nicolae_shop_hallway_stairs
Shoals:4: shoals_end_hellmonk_lost_city, uniq_mara
Snake:1:  layout_basic, st_stairs_14
Snake:2:  layout_rooms, nicolae_shop_dragon_depot, nicolae_snake_linked_coils,
          nicolae_fountain_basement, uniq_aizul, uniq_vashnia
Snake:3:  layout_basic, lemuel_fruit_tree, minmay_shoptagon
Snake:4:  snake_pit, layout_basic, grunt_ministairs_12
Orc:1:    layout_caves, chequers_guarded_unrand_ignorance
Orc:2:    grunt_orc_tribal_feast, layout_caves, minmay_orc_keep
Elf:1:    eino_elf_arrival_the_gate, layout_rooms, minmay_elf_sorcery,
          roderic_lattice_octagonal_star, uniq_zenata
Elf:2:    elven_hall_of_blades_hangedman_alternative [nicolae_blade_tridents],
          layout_gridlike, serial_shops, nicolae_shop_crystal,
          amcnicky_mini_rare_corridor_liquid, grunt_ministairs_4
Elf:3:    minmay_elf_hall_spiked, layout_geoelf_diagonals, serial_shops,
          nicolae_shop_crystal, nicolae_shop_trees, shop, shop
Vaults:1: portal_desolation_entry_twin_temple, nicolae_vaults_little_squares_1,
          nicolae_vaults_specimen_jars, nicolae_vaults_little_squares_1,
          v_misc_23, vaults_dpeg_ring, st_squares, nicolae_vaults_alarming,
          dpeg_vaults_monster_row, grunt_vaults_hallway_short,
          layout_vaults_omnigrid
Vaults:2: minmay_crypt_entry_simple_statues, nicolae_vaults_diagonal_hallway_7,
          ontoclasm_vaults_twist, grunt_vaults_hallway_short, v_pattern_4,
          v_alt_pattern_2, v_rooms_6, hangedman_vaults_corner_blocks, v_misc_12,
          nicolae_vaults_yaktaur_gun_rack, layout_vaults_ring
Vaults:3: hangedman_vaults_nails, v_pattern_3, v_misc_14,
          grunt_vaults_hallway_short, ontoclasm_vaults_decontamination,
          grunt_vaults_swirl, ontoclasm_vaults_idyll, ontoclasm_vaults_fault,
          vaults_room_boxed, nicolae_vaults_three_branches,
          nicolae_vaults_border_crossing, layout_vaults_omnicross, uniq_xtahua
Depths:1: layout_forbidden_donut, kennysheep_small_spiral, grunt_hell_horde,
          nemelex_spade_bored_becter, uniq_asterion
Depths:2: nicolae_BIG_FREAKIN_CUBE, layout_honeycomb, pan_entry,
          grunt_hell_entry_dis_mu, minmay_staircase_windowed_small, abyss_entry,
          infiniplex_enter_wizlab_glasses
Depths:3: minmay_stepped, layout_gridlike, enter_ziggurat_f, hell_entry,
          abyss_entry, hangedman_decor_opposing, gammafunk_ghost_tricky_traps,
          kennysheep_dice, uniq_parghit
Depths:4: grunt_x_marks_the_spot, layout_honeycomb, pf_dread_powers_of_hell,
          kennysheep_flooded_box, nicolae_alphabet_shops,
          nicolae_uskayaw_en_pointe, uniq_margery

Skill      XL: |  1  2  3  4  5  6  7  8  9 10 11 12 13 14 15 16 17 18 19 20 21 22 23 24 |
---------------+-------------------------------------------------------------------------+-----
Long Blades    | 4 5 6 7 8 10 12 14 15 16 17 18 19 20 21 22 | 22.4
Dodging        | 4 6 8 9 10 12 13 15 16 17 18 19 | 19.2
Necromancy     | 2 3 5 6 8 9 10 11 12 13 14 15 16 17 18 19 | 19.1
Fighting       | 5 7 8 9 11 12 13 14 15 16 17 | 17.7
Spellcasting   | 3 4 6 7 8 |  8.3
Polearms       | 2 8 9 10 11 12 13 | 13.9
Armour         | 2 6 9 11 12 13 14 15 | 15.1
Translocations | 3 5 6 7 |  7.4
Earth Magic    | 3 5 7 8 9 |  9.4
Evocations     | 4 6 |  6.1
Transmutations | 4 5 |  5.6
Stealth        | |  1.4

Action                   |  1- 3 |  4- 6 |  7- 9 | 10-12 | 13-15 | 16-18 | 19-21 | 22-24 || total
-------------------------+-------+-------+-------+-------+-------+-------+-------+-------++-------
Melee: Falchion          |    96 |   169 |   405 |    12 |       |       |    17 |       ||   699
       Punch             |     1 |     2 |     5 |       |       |       |       |       ||     8
       Great sword       |       |       |       |   449 |   653 |   488 |  1104 |   954 ||  3648
       Scythe            |       |       |       |    19 |    26 |   105 |    90 |    19 ||   259
 Fire: Shortbow          |       |     4 |       |     2 |       |       |       |       ||     6
Throw: Throwing net      |       |       |     1 |       |       |       |       |       ||     1
       Dart              |       |       |     4 |       |       |       |       |       ||     4
 Cast: Necrotise         |       |       |    39 |     9 |       |     5 |       |       ||    53
       Vampiric Draining |       |       |     4 |     5 |    29 |    41 |    20 |    10 ||   109
       Agony             |       |       |       |     2 |     7 |       |     5 |     2 ||    16
       Animate Dead      |       |       |       |       |    13 |    31 |    31 |    24 ||    99
       Death Channel     |       |       |       |       |    15 |    33 |    47 |    39 ||   134
       Apportation       |       |       |       |       |       |     4 |    37 |    22 ||    63
       Borgnjor's Vile C |       |       |       |       |       |       |    17 |    57 ||    74
       Dispel Undead     |       |       |       |       |       |       |       |    24 ||    24
Invok: Whirlwind         |       |       |    13 |    78 |   170 |    47 |   367 |   229 ||   904
       Lunge             |       |       |     6 |    38 |    57 |    85 |   138 |   112 ||   436
       Serpent's Lash    |       |       |       |     5 |     9 |     6 |     6 |     5 ||    31
       Heavenly Storm    |       |       |       |       |       |     2 |     2 |       ||     4
 Abil: Wall Jump         |       |       |     6 |    15 |     1 |       |       |     3 ||    25
Evoke: Wand              |       |       |       |       |     2 |     7 |     6 |       ||    15
  Use: Scroll            |     2 |     4 |     4 |    11 |    16 |    12 |     7 |     9 ||    65
       Potion            |       |       |     2 |     3 |     5 |     9 |     2 |     4 ||    25
 Stab: Sleeping          |       |     2 |       |       |       |       |       |       ||     2
       Distracted        |       |       |       |       |     3 |    10 |    19 |    27 ||    59
       Confused          |       |       |       |       |       |       |     2 |     6 ||     8
       Petrifying        |       |       |       |       |       |       |       |     3 ||     3
       Petrified         |       |       |       |       |       |       |       |     1 ||     1
Armor: Robe              |    28 |    55 |    42 |   101 |   159 |    54 |       |       ||   439
       Steam dragon scal |       |       |    61 |    42 |       |       |       |       ||   103
       Chain mail        |       |       |       |       |       |     2 |       |       ||     2
       Quicksilver drago |       |       |       |       |       |    24 |   201 |   192 ||   417
Dodge: Dodged            |    51 |   118 |   194 |   324 |   517 |   420 |   771 |   652 ||  3047
       Repelled          |       |       |       |       |     6 |    28 |    35 |    11 ||    80
Block: Other             |       |       |       |       |    92 |    95 |   178 |   140 ||   505
       Reflection        |       |       |       |       |     4 |    17 |    19 |     2 ||    42
